TOP OF THE 1ST |
Portland Privateers batting - Pitching for Otsego Bulldogs : LHP Sam Kettley
|
Pitching: LHP Sam Kettley
|
|
Batting: RHB Luis Pineda
|
0-0: Called Strike 0-1: Ball 1-1: Ball 2-1: Called Strike 2-2: Foul Ball, location: 2F 2-2: Ball 3-2: Foul Ball, location: 2F 3-2: Foul Ball, location: 2F 3-2: Foul Ball, location: 2F 3-2: SINGLE (Groundball, 34)
|
Batting: LHB Dillon Beck
|
0-0: Ball 1-0: Called Strike 1-1: Ball 2-1: Called Strike 2-2: Strikes out looking
|
Batting: SHB Bobby Cox
|
0-0: Ball 1-0: Called Strike 1-1: Ball 2-1: Ball 3-1: SINGLE (Groundball, 6) Luis Pineda to second
|
Batting: SHB Patrick Larson
|
0-0: Ball 1-0: Called Strike 1-1: Ball 2-1: Ball 3-1: Grounds into double play, 4-6-3 (Groundball, 4)
|
Top of the 1st over - 0 run(s), 2 hit(s), 0 error(s), 1 left on base; Portland 0 - Otsego 0 |
BOTTOM OF THE 1ST |
Otsego Bulldogs batting - Pitching for Portland Privateers : LHP Pedro Santana
|
Pitching: LHP Pedro Santana
|
|
Batting: LHB Gino Canio
|
0-0: Ball 1-0: Ball 2-0: Called Strike 2-1: Ball 3-1: SOLO HOME RUN (Flyball, 9LD), Distance : 335 ft
|
Batting: RHB Raúl Bauza
|
0-0: Ball 1-0: Swinging Strike 1-1: Ball 2-1: Called Strike 2-2: Strikes out swinging
|
Batting: RHB Felipe Rego
|
0-0: Called Strike 0-1: Ball 1-1: Ball 2-1: Ball 3-1: Base on Balls
|
Batting: RHB Vic Langlois
|
0-0: Swinging Strike 0-1: Ball 1-1: Ball 2-1: Ball 3-1: Base on Balls Felipe Rego to second
|
Batting: RHB Jesús Tisnado
|
0-0: Fly out, F7 (Flyball, 7LM)
|
Batting: RHB Cristo García
|
0-0: Foul Ball, location: 2F 0-1: Called Strike 0-2: Strikes out looking
|
Bottom of the 1st over - 1 run(s), 1 hit(s), 0 error(s), 2 left on base; Portland 0 - Otsego 1 |
TOP OF THE 2ND |
Portland Privateers batting - Pitching for Otsego Bulldogs : LHP Sam Kettley
|
Batting: RHB Troy Lau
|
0-0: Ball 1-0: Foul Ball, location: 2F 1-1: Ball 2-1: Called Strike 2-2: Foul Ball, location: 2F 2-2: Foul Ball, location: 2F 2-2: Foul Ball, location: 2F 2-2: SINGLE (Line Drive, 89M)
|
Batting: LHB Jerry Douglas
|
0-0: Foul Ball, location: 2F 0-1: Ball 1-1: Foul Ball, location: 2F 1-2: Foul Ball, location: 2F 1-2: Foul Ball, location: 2F 1-2: Strikes out looking
|
Batting: LHB Jacob Wright
|
0-0: Called Strike 0-1: Called Strike 0-2: SINGLE (Groundball, 4MD) Troy Lau to second
|
Batting: LHB Jeff Dorney
|
0-0: SINGLE (Line Drive, 4D) Troy Lau to third Jacob Wright to second
|
Batting: RHB Luther Stoffels
|
0-0: Called Strike 0-1: Called Strike 0-2: Ball 1-2: Ball 2-2: Strikes out looking
|
Batting: RHB Luis Pineda
|
0-0: Ball 1-0: Ball Wild Pitch! Troy Lau scores Jacob Wright to third Jeff Dorney to second 2-0: Ball 3-0: Base on Balls
|
Batting: LHB Dillon Beck
|
0-0: Called Strike 0-1: Ball 1-1: SINGLE (Line Drive, 9S) Jacob Wright scores Jeff Dorney to third Luis Pineda to second Runner from 3rd tries for Home, SAFE, throw made home Luis Pineda to third Dillon Beck to second
|
Batting: SHB Bobby Cox
|
0-0: Ball 1-0: Foul Ball, location: 2F 1-1: Called Strike 1-2: Foul Ball, location: 2F 1-2: Foul Ball, location: 2F 1-2: Ball 2-2: Ball 3-2: Foul Ball, location: 2F 3-2: Foul Ball, location: 2F 3-2: Foul Ball, location: 2F 3-2: Base on Balls
|
Batting: SHB Patrick Larson
|
0-0: Ball 1-0: Ball 2-0: Ball 3-0: Called Strike 3-1: Ground out 3-1 (Groundball, 34)
|
Top of the 2nd over - 3 run(s), 4 hit(s), 0 error(s), 3 left on base; Portland 3 - Otsego 1 |
BOTTOM OF THE 2ND |
Otsego Bulldogs batting - Pitching for Portland Privateers : LHP Pedro Santana
|
Batting: RHB Juan Pérez
|
0-0: Called Strike 0-1: Foul Ball, location: 2F 0-2: Foul Ball, location: 2F 0-2: Ground out U3 (Groundball, 3S)
|
Batting: LHB Manny Domínguez
|
0-0: Ball 1-0: Ball 2-0: Ball 3-0: Called Strike 3-1: Foul Ball, location: 2F 3-2: Base on Balls
|
Batting: RHB Armando Cuevas
|
0-0: Called Strike 0-1: Ball 1-1: Ball 2-1: Called Strike 2-2: SINGLE (Groundball, 34D) Manny Domínguez to second Runner from 2nd tries for 3rd, SAFE, throw made to third
|
Batting: LHB Gino Canio
|
0-0: Called Strike 0-1: SINGLE (Line Drive, 9LS) Manny Domínguez scores Armando Cuevas to second
|
Batting: RHB Raúl Bauza
|
0-0: Called Strike 0-1: Called Strike 0-2: Ball 1-2: Ball Wild Pitch! Armando Cuevas to third Gino Canio to second 2-2: Ground out 6-3 (Groundball, 6) Armando Cuevas scores Gino Canio to third
|
Batting: RHB Felipe Rego
|
0-0: Hit by Pitch
|
Batting: RHB Vic Langlois
|
0-0: Ball 1-0: Ball 2-0: Ball 3-0: Base on Balls Felipe Rego to second
|
Batting: RHB Jesús Tisnado
|
0-0: Called Strike 0-1: Foul Ball, location: 2F 0-2: Ball 1-2: Ball 2-2: Ball 3-2: Base on Balls Gino Canio scores Felipe Rego to third Vic Langlois to second
|
Batting: RHB Cristo García
|
0-0: Foul Ball, location: 2F 0-1: Ball 1-1: DOUBLE (Line Drive, 5D) Felipe Rego scores Vic Langlois scores Jesús Tisnado to third Runner from 3rd tries for Home, SAFE, throw made at trailing runner, SAFE at third!
|
Batting: RHB Juan Pérez
|
0-0: Ball Wild Pitch! Cristo García scores 1-0: Called Strike 1-1: Called Strike 1-2: Ball 2-2: DOUBLE (Groundball, 5L)
|
Pitching: RHP Terry Fields
|
|
Batting: LHB Manny Domínguez
|
0-0: Ball 1-0: Called Strike 1-1: Ball 2-1: Ball 3-1: Base on Balls
|
Batting: RHB Armando Cuevas
|
0-0: Swinging Strike 0-1: Swinging Strike 0-2: Strikes out looking
|
Bottom of the 2nd over - 7 run(s), 4 hit(s), 0 error(s), 2 left on base; Portland 3 - Otsego 8 |
TOP OF THE 3RD |
Portland Privateers batting - Pitching for Otsego Bulldogs : LHP Sam Kettley
|
Batting: RHB Troy Lau
|
0-0: Ball 1-0: Ball 2-0: Fly out, F7 (Flyball, 7S)
|
Batting: LHB Jerry Douglas
|
0-0: Ball 1-0: Called Strike 1-1: Called Strike 1-2: Foul Ball, location: 2F 1-2: Ball 2-2: SINGLE (Line Drive, 56)
|
Batting: LHB Jacob Wright
|
0-0: Ball 1-0: Called Strike 1-1: Ball 2-1: Foul Ball, location: 2F 2-2: Ball 3-2: Fly out, F7 (Flyball, 7LM)
|
Pitching: LHP Esteban Santos
|
|
Batting: LHB Jeff Dorney
|
0-0: Ball 1-0: Ball 2-0: Called Strike 2-1: Ground out 4-3 (Groundball, 4)
|
Top of the 3rd over - 0 run(s), 1 hit(s), 0 error(s), 1 left on base; Portland 3 - Otsego 8 |
BOTTOM OF THE 3RD |
Otsego Bulldogs batting - Pitching for Portland Privateers : RHP Terry Fields
|
Batting: LHB Gino Canio
|
0-0: Called Strike 0-1: Ground out U3 (Groundball, 3)
|
Batting: RHB Raúl Bauza
|
0-0: Reached on error, E4 (Groundball, 4M)
|
Batting: RHB Felipe Rego
|
0-0: Foul Ball, location: 2F 0-1: Ball 1-1: Ball 2-1: Foul Ball, location: 2F 2-2: SINGLE (Groundball, 56D) Raúl Bauza to second
|
Batting: RHB Vic Langlois
|
0-0: Ball 1-0: Foul Ball, location: 2F 1-1: Foul Ball, location: 2F 1-2: Strikes out looking
|
Batting: RHB Jesús Tisnado
|
0-0: Ball 1-0: Ball 2-0: Called Strike 2-1: Ball 3-1: Base on Balls Raúl Bauza to third Felipe Rego to second
|
Batting: RHB Cristo García
|
0-0: Called Strike 0-1: Swinging Strike 0-2: Ball 1-2: SINGLE (Groundball, 6MD) Raúl Bauza scores Felipe Rego to third Jesús Tisnado to second Runner from 3rd tries for Home, SAFE, no throw or cutoff
|
Batting: RHB Juan Pérez
|
0-0: Ball 1-0: Called Strike 1-1: Fly out, F7 (Line Drive, 7LS)
|
Bottom of the 3rd over - 2 run(s), 2 hit(s), 1 error(s), 2 left on base; Portland 3 - Otsego 10 |
TOP OF THE 4TH |
Portland Privateers batting - Pitching for Otsego Bulldogs : LHP Esteban Santos
|
Batting: RHB Luther Stoffels
|
0-0: SINGLE (Flyball, 8LS)
|
Batting: RHB Luis Pineda
|
0-0: Called Strike 0-1: Ball 1-1: Ball 2-1: Fly out, F8 (Flyball, 8LD)
|
Batting: LHB Dillon Beck
|
0-0: Called Strike 0-1: Ball 1-1: Ball Luther Stoffels is caught stealing 2nd base 2-1: Fly out, F7 (Flyball, 7LM)
|
Top of the 4th over - 0 run(s), 1 hit(s), 0 error(s), 0 left on base; Portland 3 - Otsego 10 |
BOTTOM OF THE 4TH |
Otsego Bulldogs batting - Pitching for Portland Privateers : RHP Terry Fields
|
Batting: LHB Manny Domínguez
|
0-0: Foul Ball, location: 2F 0-1: Swinging Strike 0-2: Ball 1-2: Ball 2-2: Ball 3-2: Strikes out looking
|
Batting: RHB Armando Cuevas
|
0-0: Ball 1-0: Ball 2-0: Called Strike 2-1: Called Strike 2-2: Ball 3-2: Base on Balls
|
Batting: LHB Gino Canio
|
0-0: Fly out, F7 (Flyball, 7LSF)
|
Batting: RHB Raúl Bauza
|
0-0: Called Strike 0-1: Ball 1-1: Swinging Strike 1-2: Ball 2-2: Strikes out swinging
|
Bottom of the 4th over - 0 run(s), 0 hit(s), 0 error(s), 1 left on base; Portland 3 - Otsego 10 |
TOP OF THE 5TH |
Portland Privateers batting - Pitching for Otsego Bulldogs : LHP Esteban Santos
|
Batting: SHB Bobby Cox
|
0-0: Called Strike 0-1: SINGLE (Groundball, 56D)
|
Batting: SHB Patrick Larson
|
0-0: Ball 1-0: Fly out, F9 (Flyball, 89M)
|
Batting: RHB Troy Lau
|
0-0: Ball 1-0: Called Strike 1-1: Ball 2-1: Ball 3-1: 2-RUN HOME RUN (Flyball, 7D), Distance : 379 ft
|
Batting: LHB Jerry Douglas
|
0-0: Fly out, F8 (Flyball, 8RM)
|
Batting: LHB Jacob Wright
|
0-0: Ball 1-0: Called Strike 1-1: Fly out, F7 (Flyball, 78S)
|
Top of the 5th over - 2 run(s), 2 hit(s), 0 error(s), 0 left on base; Portland 5 - Otsego 10 |
BOTTOM OF THE 5TH |
Otsego Bulldogs batting - Pitching for Portland Privateers : RHP Terry Fields
|
Batting: RHB Felipe Rego
|
0-0: Ball 1-0: Fly out, F8 (Popup, 8LS)
|
Batting: RHB Vic Langlois
|
0-0: SOLO HOME RUN (Line Drive, 78XD), Distance : 430 ft
|
Batting: RHB Jesús Tisnado
|
0-0: Swinging Strike 0-1: Ball 1-1: Ball 2-1: Foul Ball, location: 2F 2-2: Strikes out swinging
|
Batting: RHB Cristo García
|
0-0: Fly out, F8 (Flyball, 8LS)
|
Bottom of the 5th over - 1 run(s), 1 hit(s), 0 error(s), 0 left on base; Portland 5 - Otsego 11 |
TOP OF THE 6TH |
Portland Privateers batting - Pitching for Otsego Bulldogs : LHP Esteban Santos
|
Batting: LHB Jeff Dorney
|
0-0: Swinging Strike 0-1: Swinging Strike 0-2: Strikes out swinging
|
Batting: RHB Luther Stoffels
|
0-0: SOLO HOME RUN (Flyball, 78XD), Distance : 409 ft
|
Pitching: LHP Mario Solíz
|
|
Batting: RHB Luis Pineda
|
0-0: Ground out 4-3 (Groundball, 4)
|
Batting: LHB Dillon Beck
|
0-0: Ball 1-0: Foul Ball, location: 2F 1-1: Ball 2-1: Foul Ball, location: 2F 2-2: Foul Ball, location: 2F 2-2: SINGLE (Line Drive, 34)
|
Batting: SHB Bobby Cox
|
0-0: Ball 1-0: Fly out, F7 (Flyball, 7LM)
|
Top of the 6th over - 1 run(s), 2 hit(s), 0 error(s), 1 left on base; Portland 6 - Otsego 11 |
BOTTOM OF THE 6TH |
Otsego Bulldogs batting - Pitching for Portland Privateers : RHP Terry Fields
|
Pitching: RHP Mario Ramos
|
|
Batting: RHB Juan Pérez
|
0-0: Called Strike 0-1: Swinging Strike 0-2: Strikes out swinging
|
Batting: LHB Manny Domínguez
|
0-0: Swinging Strike 0-1: Ball 1-1: Ball 2-1: Swinging Strike 2-2: Foul Ball, location: 2F 2-2: Ball 3-2: Foul Ball, location: 2F 3-2: Foul Ball, location: 2F 3-2: Ground out 1-3 (Groundball, 13S)
|
Batting: RHB Armando Cuevas
|
0-0: Ball 1-0: Called Strike 1-1: Foul Ball, location: 2F 1-2: Ball 2-2: Foul Ball, location: 2F 2-2: Strikes out swinging
|
Bottom of the 6th over - 0 run(s), 0 hit(s), 0 error(s), 0 left on base; Portland 6 - Otsego 11 |
TOP OF THE 7TH |
Portland Privateers batting - Pitching for Otsego Bulldogs : LHP Mario Solíz
|
Batting: SHB Patrick Larson
|
0-0: SINGLE (Groundball, 56D)
|
Batting: RHB Troy Lau
|
0-0: Called Strike 0-1: Called Strike 0-2: Foul Ball, location: 2F 0-2: Strikes out looking
|
Batting: LHB Jerry Douglas
|
0-0: Ball 1-0: Swinging Strike 1-1: Foul Ball, location: 2F 1-2: Strikes out swinging
|
Batting: LHB Jacob Wright
|
0-0: Ball Wild Pitch! Patrick Larson to second 1-0: SINGLE (Line Drive, 9LS) Patrick Larson to third Runner from 3rd tries for Home, SAFE, no throw or cutoff
|
Batting: LHB Jeff Dorney
|
0-0: Foul Ball, location: 2F 0-1: Ball 1-1: Ball 2-1: Swinging Strike 2-2: Ball 3-2: Strikes out swinging
|
Top of the 7th over - 1 run(s), 2 hit(s), 0 error(s), 1 left on base; Portland 7 - Otsego 11 |
BOTTOM OF THE 7TH |
Otsego Bulldogs batting - Pitching for Portland Privateers : RHP Mario Ramos
|
Batting: LHB Gino Canio
|
0-0: SINGLE (Line Drive, 34)
|
Batting: RHB Raúl Bauza
|
0-0: Ball 1-0: Called Strike 1-1: Foul Ball, location: 2F 1-2: Foul Ball, location: 2F 1-2: Ball 2-2: DOUBLE (Line Drive, 9LM) Gino Canio to third Gino Canio scores
|
Batting: RHB Felipe Rego
|
0-0: Ball 1-0: Foul Ball, location: 2F 1-1: Ball 2-1: Fly out, F8 (Flyball, 8LXD) Runner from 2nd tags up, SAFE at 3rd, no throw
|
Batting: RHB Vic Langlois
|
0-0: Ground out 5-3 (Groundball, 56) Raúl Bauza scores
|
Batting: RHB Jesús Tisnado
|
0-0: Ball 1-0: Ball 2-0: Called Strike 2-1: Called Strike 2-2: Strikes out swinging
|
Bottom of the 7th over - 2 run(s), 2 hit(s), 0 error(s), 0 left on base; Portland 7 - Otsego 13 |
TOP OF THE 8TH |
Portland Privateers batting - Pitching for Otsego Bulldogs : LHP Mario Solíz
|
Batting: RHB Luther Stoffels
|
0-0: Ball 1-0: Ball 2-0: Called Strike 2-1: Swinging Strike 2-2: Ground out 6-3 (Groundball, 6M)
|
Pitching: RHP Kenshin Kubota
|
|
Batting: RHB Luis Pineda
|
0-0: Ground out 5-3 (Groundball, 56)
|
Batting: LHB Dillon Beck
|
0-0: Ball 1-0: Foul Ball, location: 2F 1-1: Swinging Strike 1-2: Foul Ball, location: 2F 1-2: Foul Ball, location: 2F 1-2: Ball 2-2: Ball 3-2: Strikes out swinging
|
Top of the 8th over - 0 run(s), 0 hit(s), 0 error(s), 0 left on base; Portland 7 - Otsego 13 |
BOTTOM OF THE 8TH |
Otsego Bulldogs batting - Pitching for Portland Privateers : RHP Mario Ramos
|
Pitching: RHP Blaine Yarbrough
|
|
Batting: RHB Cristo García
|
0-0: Ground out 6-3 (Groundball, 6)
|
Batting: RHB Juan Pérez
|
0-0: Ball 1-0: Called Strike 1-1: Ground out 4-3 (Groundball, 4)
|
Batting: LHB Manny Domínguez
|
0-0: Called Strike 0-1: Called Strike 0-2: Fly out, F7 (Flyball, 78M)
|
Bottom of the 8th over - 0 run(s), 0 hit(s), 0 error(s), 0 left on base; Portland 7 - Otsego 13 |
TOP OF THE 9TH |
Portland Privateers batting - Pitching for Otsego Bulldogs : RHP Kenshin Kubota
|
Batting: SHB Bobby Cox
|
0-0: Ball 1-0: Called Strike 1-1: Called Strike 1-2: Strikes out swinging
|
Batting: SHB Patrick Larson
|
0-0: Ball 1-0: Ball 2-0: Called Strike 2-1: Foul Ball, location: 2F 2-2: SINGLE (Line Drive, 34)
|
Batting: RHB Troy Lau
|
0-0: Foul Ball, location: 2F 0-1: Ball 1-1: Called Strike 1-2: Foul Ball, location: 2F 1-2: Foul Ball, location: 2F 1-2: Ball Wild Pitch! Patrick Larson to second 2-2: Foul Ball, location: 2F 2-2: Foul Ball, location: 2F 2-2: Foul Ball, location: 2F 2-2: Foul Ball, location: 2F 2-2: Strikes out looking
|
Batting: LHB Jerry Douglas
|
0-0: Ground out 3-1 (Groundball, 34)
|
Top of the 9th over - 0 run(s), 1 hit(s), 0 error(s), 1 left on base; Portland 7 - Otsego 13 |
|